 Dungeon Crawl Stone Soup version 0.29-a0-352-g0917bc69df (webtiles) character file.

Game seed: 8854792648426013988

163 NinjaNoafa the Ruffian (level 5, -2/61 HPs)
             Began as a Draconian Transmuter on Apr 24, 2022.
             Was an Initiate of Qazlal.
             Killed from afar by a white imp (5 damage)
             ... with a puff of frost
             ... summoned by Eustachio
             ... on level 4 of the Dungeon.
             The game lasted 00:07:26 (3163 turns).

NinjaNoafa the Ruffian (Draconian Transmuter)       Turns: 3163, Time: 00:07:27

Health: -2/61      AC: 22    Str: 13    XL:     5   Next: 20%
Magic:  8/8        EV:  2    Int: 15    God:    Qazlal [......]
Gold:   124        SH:  0    Dex: 11    Spells: 7/8 levels left

rFire   . . .      SeeInvis +   f - +2 dire flail (holy)
rCold   . . .      Faith    .   (shield currently unavailable)
rNeg    . . .      Spirit   .   (body armour unavailable)
rPois   +          Reflect  .   (helmet currently unavailable)
rElec   .          Harm     .   (cloak currently unavailable)
rCorr   .          Rampage  .   (gloves currently unavailable)
Will    .....      NoTele   +   (boots currently unavailable)
Stlth   +.........              (no amulet)
HPRegen 0.20/turn               q - ring of see invisible
MPRegen 0.11/turn               (no ring)

@: brilliant, tree-form (expiring), hasted, very quick
A: stationary, stasis, torment immunity, boosted hp, AC +5, unfitting armour,
(cold-blooded), (big wings)
a: Renounce Religion


You were on level 4 of the Dungeon.
You worshipped Qazlal.
Qazlal was noncommittal.
You were a tree.
You visited 1 branch of the dungeon, and saw 4 of its levels.

You collected 124 gold pieces.

Inventory:

Hand Weapons
 f - a +2 dire flail of holy wrath (weapon)
Missiles
 c - 101 stones
Armour
 d - a +1 pair of gloves (melded)
 p - a +0 pair of boots (melded)
Magical Staves
 b - a staff of cold
Jewellery
 q - a ring of see invisible (left branch)
Potions
 a - a potion of lignification
 e - a potion of degeneration
 n - a potion of haste
 r - a potion of brilliance


   Skills:
 + Level 1.8 Fighting
 + Level 2.3 Dodging
 + Level 3.3 Unarmed Combat
 + Level 2.4 Spellcasting
 + Level 2.8 Transmutations
 + Level 2.0 Ice Magic
 + Level 0.5 Invocations
 + Level 1.7 Evocations


You had 7 spell levels left.
You knew the following spells:

 Your Spells              Type           Power      Damage    Failure   Level
a - Beastly Appendage     Tmut           30%        N/A       7%          1

Your spell library contained the following spells:

 Spells                   Type           Power      Damage    Failure   Level
 Wereblood                Tmut           15%        N/A       10%         2
 Magic Dart               Conj           8%         1d3       22%         1
 Call Imp                 Summ           2%         N/A       32%         2
 Spider Form              Tmut/Pois      9%         N/A       34%         3
 Mephitic Cloud           Conj/Pois/Air  2%         N/A       54%         3
 Ice Form                 Ice/Tmut       13%        N/A       61%         4
 Fulminant Prism          Conj/Hex       1%         3d6       91%         4
 Iskenderun's Mystic Bla  Conj/Tloc      2%         2d3       91%         4
 Lee's Rapid Deconstruct  Erth           1%         3d5*      99%         5


Dungeon Overview and Level Annotations

Branches:
Dungeon (4/15)
 Temple: D:4-7

Altars:
Makhleb
Okawaru
Qazlal

Annotations:
D:4 Eustachio


Innate Abilities, Weirdness & Mutations

You are a tree.
Your roots penetrate the ground, keeping you stationary.
You cannot be teleported.
You are immune to unholy pain and torment.
Your maximum health is greatly increased.
Your equipment is partially melded.
((Your plain brown scales are hard. (AC +5)))
You cannot fit into any form of body armour.
((You are cold-blooded and may be slowed by cold attacks.))
((Your large and strong wings let you fly.))


Message History

You barely miss the white imp.
The white imp is almost dead.
The bat hits you but does no damage. The river rat bites you.
* * * LOW HITPOINT WARNING * * *
Eustachio gestures wildly while chanting.
Eustachio blinks!
The white imp gestures at you.
The puff of frost hits you but does no damage.
The shadow imp hits you but does no damage.
The river rat bites you but does no damage.
Okay, then.
Casting: Beastly Appendage (safe; 7% risk of failure)
Confirm with . or Enter, or press ? or * to list all spells.
You are stuck in your current form!
You barely miss the white imp.
The white imp is almost dead.
The bat hits you but does no damage. The river rat bites you!
* * * LOW HITPOINT WARNING * * *
The river rat bites you.
* * * LOW HITPOINT WARNING * * *
The white imp hits you but does no damage.
The shadow imp barely misses you.
Eustachio calls on the powers of shadow!
Eustachio mumbles some strange words.
Eustachio blinks!
The river rat bites you.
* * * LOW HITPOINT WARNING * * *
Okay, then.
You feel clever all of a sudden. The bat hits you but does no damage.
The river rat bites you but does no damage.
The river rat twitches its whiskers.
The shadow imp hits you but does no damage.
The white imp hits you but does no damage.
The river rat bites you but does no damage.
You feel yourself speed up. The bat hits you but does no damage.
The river rat bites you but does no damage.
The shadow imp hits you but does no damage.
The white imp gestures at you. The puff of frost hits you.
You die...

#####.......
#...........
#...........
#......#.... §
#......# ### ≈≈
#<..)..# ..####.≈§
#####.#.###......≈.
#.....#....r5...§§§
#.........b♣5r.@§≈g
..........#####r...§≈§
..........# ....§§.
..........# .....≈.
..........# .....≈≈
..........# .......
..........# ......#
.........# .######


You could see Eustachio, 3 river rats, a white imp (summoned), a shadow imp
(summoned), a hobgoblin and a bat (summoned).

Vanquished Creatures
  A scorpion (D:4)
  3 adders
  A gnoll (D:3)
  A worm (D:3)
  A dart slug (D:4)
  4 orcs
  3 bats
  6 endoplasms
  3 giant cockroaches
  3 goblins
  8 hobgoblins
  8 kobolds
  A quokka (D:2)
  6 ball pythons
  6 frilled lizards
  2 rats (D:1)
57 creatures vanquished.

Notes
Turn   | Place    | Note
-------+----------+-------------------------------------------
     0 | D:1      | NinjaNoafa the Draconian Transmuter began the quest for the
                  | Orb.
     0 | D:1      | Reached XP level 1. HP: 16/16 MP: 3/3
   363 | D:1      | Reached XP level 2. HP: 23/23 MP: 3/5
  1158 | D:2      | Reached skill level 1 in Ice Magic
  1385 | D:2      | Reached skill level 1 in Evocations
  1431 | D:2      | Reached XP level 3. HP: 27/28 MP: 4/6
  1943 | D:3      | Found a burning altar of Makhleb.
  2279 | D:3      | Found an iron altar of Okawaru.
  2289 | D:3      | Reached XP level 4. HP: 35/35 MP: 7/7
  2751 | D:3      | Noticed an air elemental
  2753 | D:3      | Found a stormy altar of Qazlal.
  2755 | D:3      | Noticed a water elemental
  2755 | D:3      | Noticed a fire elemental
  2755 | D:3      | Noticed an earth elemental
  2798 | D:3      | Became a worshipper of Qazlal Stormbringer
  2814 | D:4      | Noticed a scorpion
  2834 | D:4      | Killed a scorpion
  2835 | D:4      | Reached XP level 5. HP: 15/41 MP: 6/8
  3113 | D:4      | Noticed Eustachio
  3125 | D:4      | Gained mutation: You are agile. (Dex +2) [potion of
                  | mutation]
  3131 | D:4      | Lost mutation: You are agile. (Dex +2) [potion of mutation]
  3131 | D:4      | Gained mutation: Your large and strong wings let you fly.
                  | [potion of mutation]
  3161 | D:4      | HP: 3/61 [river rat[Eustachio] (3)]
  3163 | D:4      | Killed from afar by a white imp

Illustrated notes

Levels and vault maps discovered:
D:1:      onia_arrival_pyramid, layout_loops_ring
D:2:      layout_basic
D:3:      layout_loops_ring, okawaru_altar_gauntlet_db,
          mainiacjoe_overflow_concentric_impassable,
          nicolae_qazlal_style_of_elements
D:4:      layout_basic, mainiacjoe_overflow_brackets, uniq_eustachio

Skill      XL: |  1  2  3  4 |
---------------+-------------+-----
Ice Magic      | 1 2 |  2.0
Evocations     | 1 |  1.7
Dodging        | 2 |  2.3
Fighting       | |  1.8
Unarmed Combat | |  3.3
Spellcasting   | |  2.4
Transmutations | |  2.8
Invocations    | |  0.5

Action                   |  1- 3 |  4- 6 || total
-------------------------+-------+-------++-------
Melee: Staff             |   110 |    59 ||   169
       Tailslap          |     6 |     6 ||    12
       Headbutt          |    12 |     9 ||    21
       Dire flail        |    29 |    26 ||    55
       Kick              |    20 |    10 ||    30
       Punch             |     2 |     2 ||     4
 Cast: Beastly Appendage |    22 |    10 ||    32
  Use: Potion            |       |     8 ||     8
       Scroll            |       |     7 ||     7
Armor: Skin              |    53 |   248 ||   301
Dodge: Dodged            |    98 |    95 ||   193

Table legend: (Time is in decaauts)
 A = Elapsed time spent in this place.
 B = Non-inter-level travel time spent in this place.
 C = Inter-level travel time spent in this place.
 D = Time resting spent in this place.
 E = Time spent auto-exploring this place.
 F = Levels seen in this place.
 G = Mean time per level.
                   A        B        C        D        E       F      G
               +--------+--------+--------+--------+--------+-----+--------+
         Total |   3211 |   3162 |     49 |      0 |   2495 |   4 |  802.8 |
       Dungeon |   3211 |   3162 |     49 |      0 |   2495 |   4 |  802.8 |
               +--------+--------+--------+--------+--------+-----+--------+

Top non-repeatable levels by time:
     D:1: 1050 daAuts
     D:3: 1032 daAuts
     D:2: 767 daAuts
     D:4: 360 daAuts
